 Dungeon Sprint DCSS version 0.19.0-18-g426998a (webtiles) character file.

125 equalderp2856 the Gouger (level 4, -1/24 HPs)
             Began as a Felid Fighter on Nov 11, 2016.
             Slain by an orc priest
             ... wielding a +0 falchion
              (2 damage)
             ... in the Dungeon (Sprint VII: "The Pits").
             The game lasted 00:02:21 (637 turns).

equalderp2856 the Gouger (Felid Fighter)             Turns: 637, Time: 00:02:22

Health: -1/24      AC:  1    Str: 13    XL:     4   Next: 82%
Magic:  5/5        EV: 23    Int:  9    God:
Gold:   0          SH:  0    Dex: 16    Spells: 0 memorised, 3 levels left
                                        Lives:  0   Deaths: 1

rFire  . . .     SeeInvis +       - Unarmed
rCold  . . .     Gourm    .     (armour unavailable)
rNeg   . . .     Faith    .     (shield unavailable)
rPois  .         Spirit   .     (helmet unavailable)
rElec  .         Reflect  .     (cloak unavailable)
rCorr  .         Harm     .     (gloves unavailable)
MR     .....     NoTele   +     (boots unavailable)
Stlth  +++.......               (no amulet)
                                (no ring)
                                (no ring)

@: quick
A: no armour, no weapons or thrown items, stealth, claws 1, fangs 3, see
invisible, carnivore 3, speed 1, shaggy fur 1, slow metabolism 1, sharp paws
a: no special abilities


You were in the Dungeon.
You were not hungry.

You visited 1 branch

Inventory:

Hand Weapons
 m - a +0 morningstar
Armour
 n - a +0 ring mail
Scrolls
 h - a scroll of blinking
 j - 3 scrolls of remove curse
 k - 5 scrolls of amnesia
 l - a scroll of summoning
Potions
 a - a potion of might
 c - 5 potions of curing
 d - 6 potions of heal wounds
 e - a potion of haste
 f - 4 potions of magic
 g - 3 potions of berserk rage
 i - 2 potions of invisibility
Comestibles
 b - 8 meat rations


   Skills:
 + Level 5.8 Fighting
 + Level 7.6 Dodging
 + Level 3.4 Stealth
 + Level 9.9 Unarmed Combat


You had 3 spell levels left.
You didn't know any spells.

Dungeon Overview and Level Annotations

Branches:
Dungeon (1/1)

Altars:
Ashenzari
Cheibriados
Dithmenos
Elyvilon
Fedhas
Gozag
Hepliaklqana
Kikubaaqudgha
Makhleb
Nemelex Xobeh
Okawaru
Qazlal
Ru
Sif Muna
Trog
Uskayaw
Vehumet
Xom
Yredelemnul
Zin
The Shining One
Beogh
Jiyva
Lugonu


Innate Abilities, Weirdness & Mutations

You cannot wear armour.
You are incapable of wielding weapons or throwing items.
Your paws allow you to move quietly. (Stealth)
You have sharp claws.
You have razor-sharp teeth.
You have supernaturally acute eyesight. (SInv)
You are carnivorous and can eat meat at any time.
You cover ground quickly.
You are covered in fur. (AC +1)
You have a slow metabolism.
Your sharp claws are effective at attacking unaware monsters.


Message History

The orc priest invokes the aid of Beogh against you.
Beogh smites you!
Ouch! That really hurt!
The gnoll shaman shouts!
You see here a dagger.
You claw the orc priest!
The orc priest is severely wounded.
Unknown command.
You claw the orc priest!
You kill the orc priest!
You completely miss the orc priest.
The orc priest mumbles some strange prayers to Beogh against you.
Beogh smites you!
* * * LOW HITPOINT WARNING * * *
You scratch the orc priest. Your bite misses the orc priest.
The orc priest is lightly wounded.
You scratch the orc priest.
The orc priest is heavily wounded.
The orc priest hits you with a falchion.
You die...

############
#__________#
#__________#
#____#####'###########++
######)))#.##...........
#%?(.')))'.##......#..#.
##########.##...........
#...g.†o@...'...........
#'#####g#####......#..#.
#.#..#÷.#[[##...........
#.#..÷..#))#####'#####++
#.#..####))##.......#
#.#..#..#))##.......#
#g#..#..#..##.......#
#o##'#..#'###...<...#
#.#........##.......#


You could see a gnoll shaman, an orc priest and a gnoll.

Vanquished Creatures
  A floating eye (D)
  A scorpion (D)
  An orc priest (D)
  A gnoll (D)
  An adder (D)
  An ufetubus (D)
  2 orcs (D)
  A bat (D)
  A bat zombie (D)
  4 jackals (D)
  A goblin (D)
  A jackal zombie (D)
16 creatures vanquished.

Notes
Turn   | Place    | Note
-------+----------+-------------------------------------------
     0 | D        | equalderp2856 the Felid Fighter began the quest for the Orb.
     0 | D        | Reached XP level 1. HP: 10/10 MP: 2/2
    57 | D        | Found a radiant altar of Vehumet.
    57 | D        | Found a hide-covered altar of Uskayaw.
    57 | D        | Found an ancient bone altar of Kikubaaqudgha.
    57 | D        | Found a viscous altar of Jiyva.
    57 | D        | Found a hazy altar of Hepliaklqana.
    58 | D        | Found a bloodstained altar of Trog.
    58 | D        | Found a deep blue altar of Sif Muna.
    58 | D        | Found a sacrificial altar of Ru.
    58 | D        | Found a stormy altar of Qazlal.
    58 | D        | Found an iron altar of Okawaru.
    58 | D        | Found a sparkling altar of Nemelex Xobeh.
    58 | D        | Found an opulent altar of Gozag.
    58 | D        | Found a blossoming altar of Fedhas.
    58 | D        | Found a white marble altar of Elyvilon.
    58 | D        | Found a shadowy altar of Dithmenos.
    58 | D        | Found a snail-covered altar of Cheibriados.
    59 | D        | Found a glowing golden altar of the Shining One.
    59 | D        | Found a glowing silver altar of Zin.
    61 | D        | Found a roughly hewn altar of Beogh.
    61 | D        | Found a burning altar of Makhleb.
    61 | D        | Found a basalt altar of Yredelemnul.
    62 | D        | Found a shattered altar of Ashenzari.
    62 | D        | Found a corrupted altar of Lugonu.
    62 | D        | Found a shimmering altar of Xom.
    96 | D        | Noticed a floating eye
    97 | D        | Reached skill level 5 in Unarmed Combat
    97 | D        | Reached XP level 2. HP: 15/15 MP: 3/3
   101 | D        | Killed a floating eye
   101 | D        | Reached skill level 5 in Fighting
   101 | D        | Reached skill level 8 in Unarmed Combat
   101 | D        | Reached XP level 3. HP: 13/19 MP: 4/4
   101 | D        | Reached XP level 4. HP: 16/23 MP: 5/5
   245 | D        | Reached skill level 9 in Unarmed Combat
   245 | D        | Reached XP level 5. HP: 8/26 MP: 6/6
   507 | D        | Noticed a porcupine
   623 | D        | Slain by an orc priest
   624 | D        | Reached XP level 4. HP: 0/23 MP: 5/5
   635 | D        | HP: 1/24 [orc priest/divine providence (11)]
   637 | D        | Slain by an orc priest

Skill      XL: |  1  2  3  4 |
---------------+-------------+-----
Unarmed Combat | 5 8 9 |  9.9
Fighting       | 5 |  5.8
Dodging        | 6 7 |  7.6
Stealth        | 2 3 |  3.4

Action                   |  1- 3 |  4- 6 || total
-------------------------+-------+-------++-------
Melee: Unarmed           |    13 |    39 ||    52
       Bite              |     1 |     1 ||     2
       Punch             |       |     2 ||     2
  Use: Potion            |       |     1 ||     1
 Stab: Sleeping          |     2 |       ||     2
Armor: Skin              |     2 |     2 ||     4
Dodge: Dodged            |    19 |    35 ||    54
